 Dungeon Crawl Stone Soup version 0.29.0-13-gc9e81de378 (webtiles) character file.

Game seed: 17360967377398272807

135 bande the Chopper (level 5, -3/47 HPs)
             Began as a Hill Orc Fighter on Sept 10, 2022.
             Slain by a mummy (5 damage)
             ... in an ossuary.
             The game lasted 00:03:48 (1856 turns).

bande the Chopper (Hill Orc Fighter)                Turns: 1856, Time: 00:03:48

Health: -3/47      AC: 11    Str: 19    XL:     5   Next: 18%
Magic:  5/5        EV:  7    Int:  8    God:
Gold:   118        SH:  5    Dex: 12    Spells: 4/4 levels left

rFire   . . .      SeeInvis .   a - +0 war axe
rCold   . . .      Faith    .   c - +0 buckler
rNeg    . . .      Spirit   .   l - +1 chain mail {Will+}
rPois   +          Reflect  .   j - +0 helmet
rElec   .          Harm     .   (no cloak)
rCorr   .          Rampage  .   (no gloves)
Will    +....                   (no boots)
Stlth   ..........              (no amulet)
HPRegen 0.15/turn               i - ring of poison resistance
MPRegen 0.09/turn               (no ring)

@: mighty
A: no striking features
a: no special abilities


You were in an ossuary.
You visited 1 branch of the dungeon, and saw 3 of its levels.
You also visited: Ossuary.

You collected 118 gold pieces.

Inventory:

Hand Weapons
 a - a +0 war axe (weapon)
Armour
 c - a +0 buckler (worn)
 e - a +0 chain mail
 j - a +0 helmet (worn)
 l - a +1 chain mail of willpower (worn)
Jewellery
 g - a ring of wizardry
 i - a ring of poison resistance (left hand)
Scrolls
 b - 2 scrolls of magic mapping {unknown}
 f - 2 scrolls of vulnerability {unknown}
 h - a scroll of enchant weapon {unknown}
 k - a scroll of silence {unknown}


   Skills:
 + Level 4.4 Fighting
 + Level 4.9 Axes
 + Level 4.1 Armour
 - Level 0.1 Dodging
 + Level 3.9 Shields


You had 4 spell levels left.
You didn't know any spells.
Your spell library was empty.

Dungeon Overview and Level Annotations

Branches:
Dungeon (4/15)            Ossuary (1/1)
 Temple: D:4-7

Altars:


Message History

There is a sand-covered staircase here.
The world spins around you as you enter the gateway.
You enter an ossuary!
Found a gate leading back out of this place.
There is an empty arch of ancient stone here.
There are monsters nearby!
The mummy hits you. The mummy hits you!
You are too injured to fight recklessly!
You are too injured to fight recklessly!
You are too injured to fight recklessly!
You are too injured to fight recklessly!
You are too injured to fight recklessly!
You are too injured to fight recklessly!
You are too injured to fight recklessly!
Unknown command.
You feel very mighty all of a sudden. The mummy completely misses you.
The mummy hits you!
* * * LOW HITPOINT WARNING * * *
You slash the mummy!
The mummy is severely damaged.
You hit the mummy but do no damage. You slash the mummy!
The mummy hits you but does no damage. You block the mummy's attack.
The mummy hits you.
* * * LOW HITPOINT WARNING * * *
Unknown command.
You barely miss the mummy.
The mummy is severely damaged.
You slash the mummy! You slice the mummy!!
You destroy the mummy!
You block the mummy's attack.
Unknown command.
Unknown command.
You hit the mummy.
The mummy is almost destroyed.
You hit the mummy. The mummy closely misses you.
Unknown command.
You barely miss the mummy.
The mummy is almost destroyed.
You barely miss the mummy. You block the mummy's attack. The mummy hits you.
You die...

####
#..######
##M.....#
#M@.∩.∩.+
##......#
#..######
####


You could see 2 mummies.

Vanquished Creatures
  2 mummies
  Robin (D:2)
  2 gnolls (D:4)
  An adder (D:2)
  A worm (D:2)
  4 dart slugs
  4 ball pythons
  5 bats
  3 endoplasms
  2 giant cockroaches (D:1)
  11 goblins
  8 hobgoblins
  4 jackals (D:1)
  3 kobolds (D:1)
  A quokka (D:1)
  3 frilled lizards
  2 rats (D:1)
57 creatures vanquished.

Notes
Turn   | Place    | Note
-------+----------+-------------------------------------------
     0 | D:1      | bande the Hill Orc Fighter began the quest for the Orb.
     0 | D:1      | Reached XP level 1. HP: 19/19 MP: 1/1
   138 | D:1      | Reached XP level 2. HP: 23/27 MP: 2/2
   510 | D:1      | Reached XP level 3. HP: 33/33 MP: 3/3
  1156 | D:2      | Noticed Robin
  1164 | D:2      | Reached XP level 4. HP: 32/40 MP: 4/4
  1168 | D:2      | Killed Robin
  1767 | D:2      | You fall into a shaft and drop 2 floors!
  1837 | D:4      | Found a sand-covered staircase.
  1845 | D:4      | Reached XP level 5. HP: 34/47 MP: 5/5
  1848 | Ossuary  | Entered an ossuary
  1853 | Ossuary  | HP: 2/47 [mummy (6)]
  1856 | Ossuary  | Slain by a mummy

Illustrated notes

Levels and vault maps discovered:
D:1:      lightli_arrival_boilingwater, layout_basic, st_stairs_2,
          minmay_pentomino_t2
D:2:      layout_basic, uniq_robin
D:4:      kennysheep_kobold_camp, layout_layer_cave,
          mainiacjoe_overflow_six_doors_small, gup_ossuary_entry_pyramid,
          portal_sewer_entry_e, dreamdust_princess_corridor, roderic_lattice_a,
          uniq_crazy_yiuf_cottage
Ossuary:  ossuary_minmay_chase

Skill      XL: |  1  2  3  4 |
---------------+-------------+-----
Axes           | 3 4 |  4.9
Fighting       | 4 |  4.4
Armour         | 4 |  4.1
Dodging        | |  0.1
Shields        | |  3.9

Action                   |  1- 3 |  4- 6 || total
-------------------------+-------+-------++-------
Melee: War axe           |    83 |    45 ||   128
  Use: Potion            |       |     1 ||     1
Armor: Scale mail        |    13 |       ||    13
       Chain mail        |    48 |    26 ||    74
Dodge: Dodged            |    29 |    10 ||    39
Block: Buckler           |    23 |     9 ||    32
